 Dungeon Crawl Stone Soup version 0.29.1-15-g9cfb28693d (webtiles) character file.

Game seed: 15303633658005165827

93 Cheops the Poker (level 4, -2/33 HPs)
             Began as a Merfolk Gladiator on Mar 25, 2023.
             Slain by a black bear (3 damage)
             ... on level 3 of the Dungeon.
             The game lasted 00:03:18 (2502 turns).

Cheops the Poker (Merfolk Gladiator)                Turns: 2502, Time: 00:03:18

Health: -2/33      AC:  5    Str: 16    XL:     4   Next: 62%
Magic:  4/4        EV: 13    Int:  7    God:
Gold:   109        SH:  0    Dex: 15    Spells: 3/3 levels left

rFire   . . .      SeeInvis .   a - +0 trident
rCold   . . .      Faith    .   (no shield)
rNeg    + . .      Spirit   .   b - +0 leather armour
rPois   .          Reflect  .   c - +0 helmet
rElec   .          Harm     .   n - scarf {shadows}
rCorr   .          Rampage  .   m - +0 pair of gloves
Will    .....                   (no boots)
Stlth   +.........              (no amulet)
HPRegen 0.11/turn               s - ring of positive energy
MPRegen 0.09/turn               (no ring)

@: no status effects
A: (nimble swimmer 2), mertail
a: no special abilities


You were on level 3 of the Dungeon.
You visited 1 branch of the dungeon, and saw 4 of its levels.

You collected 109 gold pieces.

Inventory:

Hand Weapons
 a - a +0 trident (weapon)
Missiles
 d - 3 throwing nets (quivered)
 e - a javelin
Armour
 b - a +0 leather armour (worn)
 c - a +0 helmet (worn)
 m - a +0 pair of gloves (worn)
 n - a scarf of shadows (worn)
Jewellery
 s - a ring of positive energy (left hand)
Wands
 u - a wand of polymorph (5)
Scrolls
 f - 3 scrolls of identify {unknown}
 g - 2 scrolls of enchant weapon {unknown}
 i - 5 scrolls of noise {unknown}
 j - a scroll of teleportation {unknown}
 q - a scroll of enchant armour {unknown}
 r - a scroll of brand weapon {unknown}
 t - a scroll of acquirement {unknown}
 v - 3 scrolls of butterflies {unknown}
Potions
 h - a potion of ambrosia {unknown}
 k - a potion of curing {unknown}
 l - a potion of flight {unknown}
 o - 3 potions of lignification {unknown}
 p - a potion of brilliance {unknown}


   Skills:
 - Level 2.1 Fighting
 + Level 7.0 Polearms
 - Level 2.0 Throwing
 - Level 4.0 Dodging


You had 3 spell levels left.
You didn't know any spells.
Your spell library contained the following spells:

 Spells                   Type           Power      Damage    Failure   Level
 Summon Guardian Golem    Hex/Summ       0%         N/A       86%         3
 Fulminant Prism          Conj/Hex       0%         3d6       99%         4
 Iskenderun's Mystic Bla  Conj/Tloc      0%         2d3       99%         4
 Lee's Rapid Deconstruct  Erth           0%         3d5*      100%        5
 Orb of Destruction       Conj           0%         9d5       100%        7
 Spellforged Servitor     Conj/Summ      0%         N/A       100%        7


Dungeon Overview and Level Annotations

Branches:
Dungeon (4/15)
 Temple: D:4-7

Altars:
Zin


Innate Abilities, Weirdness & Mutations

((You are very nimble when in or above water. (Stealth+, EV+, Speed+++)))
Your lower body shifts to a powerful aquatic tail in water.


Message History

There is a stone staircase leading down here.
You barely miss the black bear.
The black bear is lightly wounded.
The black bear bites you.
The black bear claws you but does no damage.
The black bear claws you.
You hit the black bear.
The black bear is lightly wounded.
The black bear misses you.
The black bear claws you but does no damage.
The black bear claws you.
You hit the black bear.
The black bear is moderately wounded.
The black bear bites you!
* * * LOW HITPOINT WARNING * * *
The black bear claws you.
* * * LOW HITPOINT WARNING * * *
The black bear claws you but does no damage.
You hit the black bear.
The black bear is moderately wounded.
The black bear closely misses you. The black bear claws you.
* * * LOW HITPOINT WARNING * * *
The black bear claws you but does no damage.
You barely miss the black bear.
The black bear is moderately wounded.
The black bear misses you. The black bear closely misses you.
The black bear misses you.
You puncture the black bear!
The black bear is severely wounded.
The black bear goes berserk!
You hit the black bear.
The black bear is almost dead.
The black bear bites you but does no damage.
The black bear claws you.
* * * LOW HITPOINT WARNING * * *
The black bear claws you but does no damage.
The black bear bites you!
* * * LOW HITPOINT WARNING * * *
The black bear misses you. The black bear claws you.
You die...

#........#'###.####### #####
##.####..#.# #.#
#######+####....# #.#
..............### #.#############
............#.# #.............#
.............## ###.............#
.............####.'.............#
..............##h.#.............#
############....@##.............#
........####.###.##.............#
.....[..#........##.............#
........#........##.........†...#
........#........##.............#
........#.....<..##.............#
........####+#'#.##.............#
........# #...#.##.............#
........########.################


You could see a black bear (berserk).

Vanquished Creatures
  An adder (D:2)
  A worm (D:3)
  2 dart slugs
  4 orcs (D:3)
  7 ball pythons
  5 endoplasms
  2 giant cockroaches (D:1)
  6 goblins
  9 hobgoblins
  3 kobolds
  4 quokkas
  7 bats
  11 frilled lizards
  6 rats
68 creatures vanquished.

Vanquished Creatures (others)
  11 plants (D:1)
11 creatures vanquished.

Grand Total: 79 creatures vanquished

Notes
Turn   | Place    | Note
-------+----------+-------------------------------------------
     0 | D:1      | Cheops the Merfolk Gladiator began the quest for the Orb.
     0 | D:1      | Reached XP level 1. HP: 16/16 MP: 1/1
   100 | D:1      | Reached XP level 2. HP: 20/22 MP: 2/2
   155 | D:1      | Reached skill level 5 in Polearms
   335 | D:1      | Reached XP level 3. HP: 22/27 MP: 3/3
   672 | D:1      | Found a faded altar of an unknown god.
  1098 | D:2      | Reached skill level 6 in Polearms
  1219 | D:2      | Reached XP level 4. HP: 28/33 MP: 4/4
  2261 | D:3      | Found a glowing silver altar of Zin.
  2470 | D:3      | Reached skill level 7 in Polearms
  2486 | D:4      | Noticed a black bear
  2502 | D:3      | HP: 1/33 [black bear (8)]
  2502 | D:3      | Slain by a black bear

Illustrated notes

Levels and vault maps discovered:
D:1:      dpeg_arrival_concentric_ovals, layout_rooms,
          ebering_ecumenical_altar_box, kennysheep_small_spiral,
          minmay_lizard_king
D:2:      layout_loops_ring
D:3:      layout_basic, mainiacjoe_overflow_alcove_4
D:4:      layout_basic, nicolae_overflow_crystal_walls, st_stairs_7,
          minmay_misc_feat_more_columns, roderic_serpentine_path

Skill      XL: |  1  2  3  4 |
---------------+-------------+-----
Polearms       | 5 6 7 |  7.0
Fighting       | |  2.1
Throwing       | |  2.0
Dodging        | |  4.0

Action                   |  1- 3 |  4- 6 || total
-------------------------+-------+-------++-------
Melee: Trident           |   131 |    85 ||   216
       Punch             |     1 |       ||     1
 Stab: Sleeping          |     2 |     2 ||     4
       Distracted        |       |     1 ||     1
Armor: Leather armour    |    34 |    18 ||    52
Dodge: Dodged            |    94 |    37 ||   131
